 Dungeon Crawl Stone Soup version 0.30-a0-159-g068b764562 (webtiles) character file.

Game seed: 2412333239890937416

121 Iusername the Trooper (level 4, -1/41 HPs)
             Began as a Minotaur Fighter on Sept 27, 2022.
             Was a Follower of Dithmenos.
             Slain by Grinder (7 damage)
             ... on level 3 of the Dungeon.
             The game lasted 00:02:41 (2142 turns).

Iusername the Trooper (Minotaur Fighter)            Turns: 2142, Time: 00:02:42

Health: -1/41      AC:  8    Str: 21    XL:     4   Next: 76%
Magic:  3/3        EV:  9    Int:  5    God:    Dithmenos [*.....]
Gold:   129        SH:  4    Dex: 11    Spells: 3/3 levels left

rFire   . . .      SeeInvis .    a - +0 trident
rCold   . . .      Faith    .    c - +0 buckler
rNeg    . . .      Spirit   .    b - +0 scale mail
rPois   .          Reflect  .    (helmet restricted)
rElec   .          Harm     .    (no cloak)
rCorr   .          Rampage  .    (no gloves)
Will    .....                    l - +0 pair of boots
Stlth   ..........               (no amulet)
HPRegen 0.13/turn                (no ring)
MPRegen 0.08/turn                (no ring)

@: wreathed by umbra
A: horns 2, retaliatory headbutt
a: Renounce Religion


You were on level 3 of the Dungeon.
You worshipped Dithmenos.
Dithmenos was aware of your devotion.
You visited 1 branch of the dungeon, and saw 3 of its levels.

You collected 129 gold pieces.

Inventory:

Hand Weapons
 a - a +0 trident (weapon)
Armour
 b - a +0 scale mail (worn)
 c - a +0 buckler (worn)
 l - a +0 pair of boots (worn)
Jewellery
 r - a ring of flight
 t - a ring of willpower
Scrolls
 g - a scroll of butterflies {unknown}
 h - 5 scrolls of identify {unknown}
 i - a scroll of magic mapping {unknown}
 m - 2 scrolls of fear {unknown}
 n - 2 scrolls of immolation {unknown}
 p - a scroll of teleportation {unknown}
Potions
 d - a potion of might
 e - a potion of curing
 f - 2 potions of brilliance {unknown}
 j - a potion of attraction {unknown}
 k - a potion of degeneration {unknown}
 o - a potion of cancellation {unknown}
 q - a potion of heal wounds {unknown}
 s - a potion of flight {unknown}


   Skills:
 + Level 4.5 Fighting
 + Level 4.0 Polearms
 + Level 4.5 Armour
 + Level 0.3 Dodging
 + Level 0.1 Stealth
 + Level 4.2 Shields


You had 3 spell levels left.
You didn't know any spells.
Your spell library was empty.

Dungeon Overview and Level Annotations

Branches:
Dungeon (3/15)

Altars:
Dithmenos

Annotations:
D:3 Grinder


Innate Abilities, Weirdness & Mutations

You have a pair of horns on your head.
You reflexively headbutt those who attack you in melee.


Message History

Dithmenos accepts your kill.
Unknown command.
No target in view!
HP restored.
n - 2 scrolls labelled KEWIOFF CADYIRR (gained 1)
You now have 129 gold pieces (gained 10).
Found a stone staircase leading up.
No target in view!
Found an escape hatch in the ceiling.
No target in view!
Grinder comes into view.
Grinder shouts!
You hear a shout! x2
An orc comes into view. It is wielding a +0 dagger.
There are monsters nearby!
There are monsters nearby!
You barely miss Grinder. Grinder hits you.
An orc comes into view. It is wielding a +0 dagger.
You closely miss Grinder.
The orc shouts!
Grinder hits you.
You writhe in agony.
You closely miss Grinder. You headbutt Grinder!
Grinder is moderately wounded.
Grinder gestures at you. Pain shoots through your body!
You closely miss Grinder. Your headbutt misses Grinder.
Grinder is moderately wounded.
You block Grinder's attack.
You barely miss Grinder.
Grinder is moderately wounded.
Grinder hits you!
* * * LOW HITPOINT WARNING * * *
You writhe in agony.
* * * LOW HITPOINT WARNING * * *
An orc priest comes into view. It is wielding a +0 club.
It was a potion of curing.
You feel better. Grinder hits you.
* * * LOW HITPOINT WARNING * * *
You puncture Grinder!
Grinder is heavily wounded.
Grinder hits you!
You die...

.......#.#......#
........#........#
o.......#.........
#.. #.............
<.. #.............
#o# #........##...
#o# #.........#...
#5# #...#.###.....
#@# #..÷#.# ##....
#.###...#.# ##...
#.........#######.
####....###.....#.
#....# #.....#.
#...(# #..(..#
#....# #.....#
#############....#
#.....#
#............)(÷.#
#.....#


You could see Grinder, an orc priest and 2 orcs.

Vanquished Creatures
  A jelly (D:3)
  An adder (D:3)
  3 dart slugs
  An orc (D:3)
  6 endoplasms
  A giant cockroach (D:1)
  9 goblins
  6 hobgoblins
  8 jackals (D:3)
  A quokka (D:3)
  6 ball pythons
  6 bats
  4 frilled lizards
  5 kobolds
  9 rats
67 creatures vanquished.

Notes
Turn   | Place    | Note
-------+----------+-------------------------------------------
     0 | D:1      | Iusername the Minotaur Fighter began the quest for the Orb.
     0 | D:1      | Reached XP level 1. HP: 19/19 MP: 0/0
   209 | D:1      | Reached XP level 2. HP: 27/27 MP: 1/1
   587 | D:1      | Reached XP level 3. HP: 33/33 MP: 2/2
  1291 | D:2      | Found a faded altar of an unknown god.
  1515 | D:2      | Prayed at the altar of an unknown god.
  1515 | D:2      | Became a worshipper of Dithmenos the Shadowed
  1515 | D:2      | Reached * piety under Dithmenos
  1597 | D:3      | Reached XP level 4. HP: 33/41 MP: 3/3
  1790 | D:3      | Found a shadowy altar of Dithmenos.
  2133 | D:3      | Noticed Grinder
  2140 | D:3      | HP: 1/41 [Grinder (6)]
  2142 | D:3      | Slain by Grinder

Illustrated notes

Levels and vault maps discovered:
D:1:      wander_arrival_fairy_ring, layout_basic, minmay_statues_item,
          chequers_serial_rivers_small_3
D:2:      layout_loops_ring, shapermc_ecumenical_altar_ellora,
          kennysheep_cross_room
D:3:      layout_basic, mainiacjoe_overflow_boulevard,
          kennysheep_decorative_pillar, uniq_grinder

Skill      XL: |  1  2  3  4 |
---------------+-------------+-----
Armour         | 4 |  4.5
Fighting       | 4 |  4.5
Shields        | 4 |  4.2
Polearms       | 3 4 |  4.0
Dodging        | |  0.3
Stealth        | |  0.1

Action                   |  1- 3 |  4- 6 || total
-------------------------+-------+-------++-------
Melee: Trident           |   115 |    41 ||   156
       Headbutt          |    12 |     4 ||    16
  Use: Potion            |       |     1 ||     1
Armor: Scale mail        |    49 |    19 ||    68
Dodge: Dodged            |    33 |    27 ||    60
Block: Buckler           |    19 |     8 ||    27

Table legend: (Time is in decaauts)
 A = Elapsed time spent in this place.
 B = Non-inter-level travel time spent in this place.
 C = Inter-level travel time spent in this place.
 D = Time resting spent in this place.
 E = Time spent auto-exploring this place.
 F = Levels seen in this place.
 G = Mean time per level.
                   A        B        C        D        E       F      G
               +--------+--------+--------+--------+--------+-----+--------+
         Total |   2173 |   2050 |    123 |      0 |   1677 |   3 |  724.3 |
       Dungeon |   2173 |   2050 |    123 |      0 |   1677 |   3 |  724.3 |
               +--------+--------+--------+--------+--------+-----+--------+

Top non-repeatable levels by time:
     D:1: 812 daAuts
     D:2: 775 daAuts
     D:3: 585 daAuts
